BSA
SAN FRANCISCO BANDITS @ ST. LOUIS BROWNS
07/04/2027
 
TOP OF THE 1ST
San Francisco Bandits batting - Pitching for St. Louis Browns : RHP Nelson Ortega
Pitching: RHP Nelson Ortega
Batting: RHB Javier Ramírez 0-0: Ground out U3 (Groundball, 34)
Batting: LHB Jerry Bryan 0-0: Fly out, F9 (Flyball, 9)
Batting: RHB Michael Elliott 0-0: Called Strike
0-1: SINGLE (Groundball, 34D)
Batting: LHB Jack Hewat 0-0: Called Strike
0-1: Ball
1-1: Ball
2-1: Foul Ball, location: 2F
2-2: Strikes out looking
Top of the 1st over - 0 run(s), 1 hit(s), 0 error(s), 1 left on base; San Francisco 0 - St. Louis 0
BOTTOM OF THE 1ST
St. Louis Browns batting - Pitching for San Francisco Bandits : RHP Bob Cunningham
Pitching: RHP Bob Cunningham
Batting: SHB Ryobe Yamamoto 0-0: Foul Ball, location: 2F
0-1: Foul Ball, location: 2F
0-2: Fly out, F7 (Flyball, 7LS)
Batting: LHB Robin Hill 0-0: Ball
1-0: Ball
2-0: TRIPLE (Flyball, 89XD)
Batting: LHB Stan Hickman 0-0: Ball
1-0: Ball
2-0: Fly out, F4 (Line Drive, 4)
Batting: RHB Mario Rosales 0-0: Ball
1-0: Reached on error, E6 (Groundball, 6)
Robin Hill scores
Batting: RHB Anthony Rucker 0-0: Foul Ball, location: 2F
0-1: Foul Ball, location: 2F
0-2: Fielders Choice at 2nd, 6-4 (Groundball, 6)
Bottom of the 1st over - 1 run(s), 1 hit(s), 1 error(s), 0 left on base; San Francisco 0 - St. Louis 1
TOP OF THE 2ND
San Francisco Bandits batting - Pitching for St. Louis Browns : RHP Nelson Ortega
Batting: RHB Naomichi Aoki 0-0: Ground out 6-3 (Groundball, 6)
Batting: LHB Mel Jones 0-0: Called Strike
0-1: Fly out, F3 (Line Drive, 34)
Batting: RHB Gustavo Ortíz 0-0: Called Strike
0-1: SINGLE (Groundball, 6MD)
Batting: RHB José Sánchez 0-0: Ball
1-0: Called Strike
1-1: Ball
2-1: Called Strike
2-2: Fly out, F9 (Flyball, 9LMF)
Top of the 2nd over - 0 run(s), 1 hit(s), 0 error(s), 1 left on base; San Francisco 0 - St. Louis 1
BOTTOM OF THE 2ND
St. Louis Browns batting - Pitching for San Francisco Bandits : RHP Bob Cunningham
Batting: LHB Dave Watson 0-0: Fly out, F7 (Flyball, 7LMF)
Batting: LHB Junior Coates 0-0: Foul Ball, location: 2F
0-1: Ball
1-1: Swinging Strike
1-2: Ball
2-2: DOUBLE (Line Drive, 9LD)
Batting: RHB Domingo Romero 0-0: Called Strike
0-1: Fly out, F9 (Flyball, 9LS)
Batting: LHB Joe Sanders 0-0: Called Strike
0-1: Swinging Strike
0-2: Ground out 4-3 (Groundball, 4)
Bottom of the 2nd over - 0 run(s), 1 hit(s), 0 error(s), 1 left on base; San Francisco 0 - St. Louis 1
TOP OF THE 3RD
San Francisco Bandits batting - Pitching for St. Louis Browns : RHP Nelson Ortega
Batting: RHB Miguel Mendoza 0-0: Ball
1-0: Called Strike
1-1: Foul Ball, location: 2F
1-2: Strikes out looking
Batting: RHB Javier Ramírez 0-0: Foul Ball, location: 2F
0-1: Foul Ball, location: 2F
0-2: Ball
1-2: Ball
2-2: Ball
3-2: Strikes out looking
Batting: LHB Jerry Bryan 0-0: Ball
1-0: Called Strike
1-1: Foul Ball, location: 2F
1-2: Ball
2-2: Strikes out looking
Top of the 3rd over - 0 run(s), 0 hit(s), 0 error(s), 0 left on base; San Francisco 0 - St. Louis 1
BOTTOM OF THE 3RD
St. Louis Browns batting - Pitching for San Francisco Bandits : RHP Bob Cunningham
Batting: SHB Ryobe Yamamoto 0-0: Ball
1-0: Foul Ball, location: 2F
1-1: Foul Ball, location: 2F
1-2: Ball
2-2: Ball
3-2: Base on Balls
Batting: LHB Robin Hill 0-0: DOUBLE (Flyball, 78M)
Ryobe Yamamoto to third
Batting: LHB Stan Hickman 0-0: Ball
1-0: Ball
2-0: Called Strike
2-1: Ball
3-1: Swinging Strike
3-2: Base on Balls
Batting: RHB Mario Rosales 0-0: Ball
1-0: Ball
2-0: Grounds into double play, 4-6-3 (Groundball, 4)
Ryobe Yamamoto scores
Robin Hill to third
Batting: RHB Anthony Rucker 0-0: Ground out 4-3 (Groundball, 34D)
Bottom of the 3rd over - 1 run(s), 1 hit(s), 0 error(s), 1 left on base; San Francisco 0 - St. Louis 2
TOP OF THE 4TH
San Francisco Bandits batting - Pitching for St. Louis Browns : RHP Nelson Ortega
Batting: RHB Michael Elliott 0-0: Ball
1-0: Called Strike
1-1: Ball
2-1: Fly out, F8 (Flyball, 78XD)
Batting: LHB Jack Hewat 0-0: Ball
1-0: Ball
2-0: Ball
3-0: Called Strike
3-1: Base on Balls
Batting: RHB Naomichi Aoki 0-0: Ball
1-0: Foul Ball, location: 2F
1-1: Ball
2-1: DOUBLE (Line Drive, 78XD)
Jack Hewat to third
Batting: LHB Mel Jones 0-0: Fly out, F6 (Popup, 6MD)
Batting: RHB Gustavo Ortíz 0-0: Ball
1-0: Ball
2-0: Ball
3-0: Base on Balls
Batting: RHB José Sánchez 0-0: Called Strike
0-1: Ball
1-1: SINGLE (Groundball, 6MD)
Jack Hewat scores
Naomichi Aoki to third
Gustavo Ortíz to second
Runner from 3rd tries for Home, SAFE, no throw
Batting: RHB Miguel Mendoza 0-0: Called Strike
0-1: Swinging Strike
0-2: Strikes out swinging
Top of the 4th over - 2 run(s), 2 hit(s), 0 error(s), 2 left on base; San Francisco 2 - St. Louis 2
BOTTOM OF THE 4TH
St. Louis Browns batting - Pitching for San Francisco Bandits : RHP Bob Cunningham
Batting: LHB Dave Watson 0-0: Called Strike
0-1: Ball
1-1: Foul Ball, location: 2F
1-2: Strikes out swinging, 2-3 out at first.
Batting: LHB Junior Coates 0-0: Foul Ball, location: 2F
0-1: Swinging Strike
0-2: Ball
1-2: Strikes out swinging
Batting: RHB Domingo Romero 0-0: Foul Ball, location: 2F
0-1: Foul Ball, location: 2F
0-2: Foul Ball, location: 2F
0-2: Foul Ball, location: 2F
0-2: Ground out 1-3 (Groundball, 15)
Bottom of the 4th over - 0 run(s), 0 hit(s), 0 error(s), 0 left on base; San Francisco 2 - St. Louis 2
TOP OF THE 5TH
San Francisco Bandits batting - Pitching for St. Louis Browns : RHP Nelson Ortega
Batting: RHB Javier Ramírez 0-0: Ball
1-0: Called Strike
1-1: Foul Ball, location: 2F
1-2: Ball
2-2: SINGLE (Groundball, 56D)
Batting: LHB Jerry Bryan 0-0: Called Strike
0-1: Ball
Wild Pitch!
Javier Ramírez to second
1-1: Swinging Strike
1-2: Foul Ball, location: 2F
1-2: Ball
2-2: Foul Ball, location: 2F
2-2: Strikes out swinging
Batting: RHB Michael Elliott 0-0: Intentional Walk
Batting: LHB Jack Hewat 0-0: Called Strike
0-1: Foul Ball, location: 2F
0-2: Foul Ball, location: 2F
0-2: Fly out, F8 (Flyball, 8LM)
Batting: RHB Naomichi Aoki 0-0: Ball
1-0: Ball
2-0: Called Strike
2-1: Called Strike
2-2: Foul Ball, location: 2F
2-2: Strikes out swinging
Top of the 5th over - 0 run(s), 1 hit(s), 0 error(s), 2 left on base; San Francisco 2 - St. Louis 2
BOTTOM OF THE 5TH
St. Louis Browns batting - Pitching for San Francisco Bandits : RHP Bob Cunningham
Batting: LHB Joe Sanders 0-0: Ball
1-0: Fly out, F9 (Flyball, 9S)
Batting: SHB Ryobe Yamamoto 0-0: Ball
1-0: Foul Ball, location: 2F
1-1: Ball
2-1: Fly out, F9 (Flyball, 9D)
Batting: LHB Robin Hill 0-0: Ball
1-0: Ball
2-0: Called Strike
2-1: Ball
3-1: DOUBLE (Flyball, 8LXD)
Batting: LHB Stan Hickman 0-0: Ball
1-0: Ball
2-0: Ball
3-0: Base on Balls
Batting: RHB Mario Rosales 0-0: Called Strike
0-1: Called Strike
0-2: Foul Ball, location: 2F
0-2: Ball
1-2: Ball
2-2: Ball
3-2: Foul Ball, location: 2F
3-2: Ground out 6-3 (Groundball, 6)
Bottom of the 5th over - 0 run(s), 1 hit(s), 0 error(s), 2 left on base; San Francisco 2 - St. Louis 2
TOP OF THE 6TH
San Francisco Bandits batting - Pitching for St. Louis Browns : RHP Nelson Ortega
Batting: LHB Mel Jones 0-0: Foul Ball, location: 2F
0-1: Ball
1-1: Ground out 6-3 (Groundball, 6M)
Batting: RHB Gustavo Ortíz 0-0: Ball
1-0: SINGLE (Groundball, 4MD)
Batting: RHB José Sánchez 0-0: SINGLE (Groundball, 5D)
Gustavo Ortíz to second
Batting: RHB Miguel Mendoza 0-0: Ball
1-0: Ball
2-0: Ball
3-0: Called Strike
3-1: Fly out, F8 (Flyball, 78S)
Batting: RHB Javier Ramírez 0-0: Ball
1-0: Ball
2-0: Fielders Choice at 2nd, 4-6 (Groundball, 4)
Top of the 6th over - 0 run(s), 2 hit(s), 0 error(s), 1 left on base; San Francisco 2 - St. Louis 2
BOTTOM OF THE 6TH
St. Louis Browns batting - Pitching for San Francisco Bandits : RHP Bob Cunningham
Batting: RHB Anthony Rucker 0-0: Called Strike
0-1: Foul Ball, location: 2F
0-2: Ball
1-2: Strikes out swinging
Batting: LHB Dave Watson 0-0: Called Strike
0-1: SINGLE (Flyball, 9S)
Batting: LHB Junior Coates 0-0: Called Strike
0-1: Ball
1-1: DOUBLE (Line Drive, 8LXD)
Dave Watson to third
Runner from 3rd tries for Home, SAFE, throw made home
Batting: RHB Domingo Romero 0-0: Ball
1-0: Foul Ball, location: 2F
1-1: Ball
2-1: Fly out, F6 (Line Drive, 6)
Batting: LHB Joe Sanders 0-0: Ball
1-0: Called Strike
1-1: Fly out, F3 (Line Drive, 34)
Bottom of the 6th over - 1 run(s), 2 hit(s), 0 error(s), 1 left on base; San Francisco 2 - St. Louis 3
TOP OF THE 7TH
San Francisco Bandits batting - Pitching for St. Louis Browns : RHP Nelson Ortega
Pitching: LHP Santiago Valentín
Batting: LHB Jerry Bryan 0-0: Foul Ball, location: 2F
0-1: Called Strike
0-2: Ball
1-2: Strikes out swinging
Batting: RHB Michael Elliott 0-0: Swinging Strike
0-1: SINGLE (Groundball, 4MD)
Pinch Hitting: RHB Jorge Díaz 0-0: Ball
1-0: Foul Ball, location: 2F
1-1: Swinging Strike
1-2: SINGLE (Groundball, 34D)
Michael Elliott to second
Runner from 2nd tries for 3rd, SAFE, throw made to third
Jorge Díaz to second
Batting: RHB Naomichi Aoki 0-0: Foul Ball, location: 2F
0-1: Foul Ball, location: 2F
0-2: Ball
1-2: Ball
2-2: Foul Ball, location: 2F
2-2: Strikes out swinging
Batting: LHB Mel Jones 0-0: Ground out 4-3 (Groundball, 4D)
Top of the 7th over - 0 run(s), 2 hit(s), 0 error(s), 2 left on base; San Francisco 2 - St. Louis 3
BOTTOM OF THE 7TH
St. Louis Browns batting - Pitching for San Francisco Bandits : RHP Bob Cunningham
Now at SS: Jorge Díaz
Batting: SHB Ryobe Yamamoto 0-0: Ground out 6-3 (Groundball, 6)
Batting: LHB Robin Hill 0-0: Called Strike
0-1: Called Strike
0-2: Ball
1-2: Fly out, F7 (Flyball, 7)
Batting: LHB Stan Hickman 0-0: SINGLE (Groundball, 6MD)
Batting: RHB Mario Rosales 0-0: Ball
1-0: Fielders Choice at 2nd, 5-4 (Groundball, 56)
Bottom of the 7th over - 0 run(s), 1 hit(s), 0 error(s), 0 left on base; San Francisco 2 - St. Louis 3
TOP OF THE 8TH
San Francisco Bandits batting - Pitching for St. Louis Browns : LHP Santiago Valentín
Pitching: RHP Beau Brown
Batting: RHB Gustavo Ortíz 0-0: Ball
1-0: Called Strike
1-1: Ball
2-1: Foul Ball, location: 2F
2-2: Ground out U3 (Groundball, 34)
Batting: RHB José Sánchez 0-0: Called Strike
0-1: Foul Ball, location: 2F
0-2: Ball
1-2: Ground out 5-3 (Groundball, 56)
Batting: RHB Miguel Mendoza 0-0: Ball
1-0: Ball
2-0: Called Strike
2-1: Foul Ball, location: 2F
2-2: Ball
3-2: Foul Ball, location: 2F
3-2: Strikes out swinging
Top of the 8th over - 0 run(s), 0 hit(s), 0 error(s), 0 left on base; San Francisco 2 - St. Louis 3
BOTTOM OF THE 8TH
St. Louis Browns batting - Pitching for San Francisco Bandits : RHP Bob Cunningham
Pitching: RHP Carlos Ledezma
Batting: RHB Anthony Rucker 0-0: Ball
1-0: Ball
2-0: Fly out, F8 (Flyball, 8RD)
Batting: LHB Dave Watson 0-0: Foul Ball, location: 2F
0-1: Swinging Strike
0-2: Ball
1-2: Strikes out looking
Batting: LHB Junior Coates 0-0: Foul Ball, location: 2F
0-1: Fly out, F7 (Flyball, 78D)
Bottom of the 8th over - 0 run(s), 0 hit(s), 0 error(s), 0 left on base; San Francisco 2 - St. Louis 3
TOP OF THE 9TH
San Francisco Bandits batting - Pitching for St. Louis Browns : RHP Beau Brown
Pitching: LHP Brent Miller
Batting: RHB Javier Ramírez 0-0: Called Strike
0-1: Swinging Strike
0-2: Ball
1-2: Strikes out swinging
Batting: LHB Jerry Bryan 0-0: Ball
1-0: Foul Ball, location: 2F
1-1: Foul Ball, location: 2F
1-2: Ball
2-2: Strikes out swinging
Batting: RHB Michael Elliott 0-0: Ball
1-0: Called Strike
1-1: Called Strike
1-2: Strikes out swinging
Top of the 9th over - 0 run(s), 0 hit(s), 0 error(s), 0 left on base; San Francisco 2 - St. Louis 3
Thursday, March 30th, 2017 - OOTP Baseball 17.12 Build 75